 Dungeon Crawl Stone Soup version 0.14.0-6-g1bc2dff (webtiles) character file.

383 Ragg the Ruffian (level 5, -2/81 HPs)
             Began as a Troll Berserker on Apr 12, 2014.
             Was a Believer of Trog.
             Slain by a gnoll
             ... wielding a +0,+0 flail
              (15 damage)
             ... on Level 3 of the Dungeon.
             The game lasted 00:06:11 (2299 turns).

Ragg the Ruffian (Troll Berserker)                  Turns: 2299, Time: 00:06:11

HP  -2/81        AC  7     Str 30      XL: 5   Next: 75%
MP   2/2         EV 11     Int  3      God: Trog [**....]
Gold 149         SH  0     Dex 10      Spells:  0 memorised,  4 levels left

rFire  + . .     SeeInvis .       - Unarmed
rCold  . . .     Clarity  .     q - +1 robe
rNeg   . . .     Conserve .     (shield restricted)
rPois  .         rCorr    .     (helmet restricted)
rElec  .         rRot     .     f - +0 cloak
SustAb . .       Spirit   .     (gloves unavailable)
rMut   .         Warding  .     (boots unavailable)
Gourm  +         Stasis   .     (no amulet)
MR     +....                    t - ring of protection from fire {unknown}
                                d - ring of protection from magic {unknown}

@: berserking, very quick, somewhat resistant to hostile enchantments, extremely
unstealthy
A: unfitting armour, claws 3, blurry vision 1, fast metabolism 3, gourmand,
regeneration 2, saprovore 2, shaggy fur 1, tough skin 2
a: Burn Spellbooks, Berserk, Trog's Hand, Renounce Religion


You were on level 3 of the Dungeon.
You worshipped Trog.
Trog was pleased with you.
You were full.

You visited 1 branch of the dungeon, and saw 3 of its levels.

You collected 149 gold pieces.

Inventory:

Armour
 f - a +0 cloak (worn)
 q - a +1 robe (worn)
Comestibles
 a - 2 meat rations
 l - 8 strawberries
 o - a bread ration
Scrolls
 b - 3 scrolls of teleportation
 c - 4 scrolls of identify
 h - 2 scrolls of amnesia {unknown}
 k - 2 scrolls of remove curse {unknown}
 m - a scroll of enchant weapon I {unknown}
 n - a scroll of immolation {unknown}
 r - a scroll of fear {unknown}
Jewellery
 d - a ring of protection from magic (left claw) {unknown}
 t - a ring of protection from fire (right claw) {unknown}
Potions
 e - 3 potions of curing {unknown}
 g - a potion of heal wounds {unknown}
 i - a potion of paralysis {unknown}
 j - a potion of restore abilities {unknown}
 p - a potion of poison {unknown}
 s - 2 potions of magic {unknown}


   Skills:
 + Level 3.6 Fighting
 + Level 3.8 Dodging
 + Level 4.5 Unarmed Combat


You had 4 spell levels left.
You didn't know any spells.

Dungeon Overview and Level Annotations

Branches:
Dungeon (3/15)

Altars:
Nemelex Xobeh


Innate Abilities, Weirdness & Mutations

You are too large for most types of armour.
You have claws for hands.
Your metabolism is lightning-fast.
You like to eat raw meat.
You heal very quickly.
You can eat rotten meat.
You are covered in fur (AC +1).
You have very tough skin (AC +2).
Your vision is a little blurry.


Message History

The gnoll hits you with a flail. The gnoll hits you with a whip!
* * * LOW HITPOINT WARNING * * *
You are too injured to fight recklessly!
You are too injured to fight recklessly!
You are too injured to fight recklessly!
You are too injured to fight recklessly!
Use which ability? (? or * to list)
A red film seems to cover your vision as you go berserk!
You feel yourself moving faster!
You feel mighty!
You feel somewhat less full. The gnoll hits you but does no damage.
The gnoll barely misses you.
You hit the gnoll.
The gnoll begins to bleed from its wounds!
The gnoll is moderately wounded.
The gnoll hits you with a whip.
* * * LOW HITPOINT WARNING * * *
You claw the gnoll!
You kill the gnoll!
Trog accepts your kill. The gnoll hits you with a flail!
You die...

......##.......##..
.................. #
#.####.....#.#### #.
#....#.....#....# ###.
#....#.....#.....
#...##>...............
##......#.#.....###...#
#....g)...#.....# #...#
#....)@...##.#### #####
#....#....##.# #...
##.#....# #.. #.#....#
#. #.#..... # #.#.##..
#.#.##.. #.#. ### .


You could see a gnoll.

Vanquished Creatures
  Sigmund (D:2)
  An orc priest (D:3)
  5 adders
  3 gnolls (D:3)
  A worm (D:3)
  3 orcs (D:3)
  7 bats
  7 hobgoblins
  3 jackals (D:1)
  3 kobolds
  A quokka (D:2)
  A giant cockroach (D:3)
  3 giant newts
  7 goblins
  4 rats
50 creatures vanquished.

Notes
Turn   | Place    | Note
--------------------------------------------------------------
     0 | D:1      | Ragg, the Troll Berserker, began the quest for the Orb.
     0 | D:1      | Reached XP level 1. HP: 22/22 MP: 1/1
   155 | D:1      | Reached XP level 2. HP: 29/29 MP: 1/1
   514 | D:1      | Acquired Trog's second power
   637 | D:1      | Reached XP level 3. HP: 36/36 MP: 2/2
  1103 | D:2      | Noticed Sigmund
  1321 | D:2      | Found a sparkling altar of Nemelex Xobeh.
  1537 | D:2      | Killed Sigmund
  1537 | D:2      | Reached XP level 4. HP: 42/45 MP: 2/2
  1552 | D:2      | Gained mutation: Your vision is a little blurry. [mutagenic glow]
  1587 | D:2      | Reached skill level 4 in Unarmed Combat
  2095 | D:3      | Reached XP level 5. HP: 47/53 MP: 2/2
  2299 | D:3      | Slain by a gnoll

Action                   |  1- 3 |  4- 6 || total
-------------------------+-------+-------++-------
Melee: Unarmed           |    97 |    54 ||   151
Invok: Berserk           |     1 |     1 ||     2
       Trog's Hand       |     1 |       ||     1
Evoke: Wand              |     1 |       ||     1
  Use: Scroll            |       |     2 ||     2
